Match 38359805
Unlisted

Match 38359805
End
Scout Squad
Scout Squad
Scout Squad
Selects Airborne Battlegroup
Selects Pathfinders
Engineer Squad
Construct Medical Station
Mechanized Support Center
Construct Weapon Support Center
Selects Paratrooper Squad Paradrop
Paratrooper Squad Paradrop
Paratrooper Squad Paradrop
Construct Tank Depot
Selects Anti-tank Gun Team Paradrop
Anti-tank Gun Team Paradrop
M4A1 Sherman Medium Tank
Paratrooper Squad Paradrop
Anti-tank Gun Team Paradrop
Designate Forward Repair Station
FooKilla
hellofr13nd
sharpshooter
N
0
0

Comments sign in to comment!

No comments posted yet!